 Dungeon Crawl Stone Soup version 0.17-a0-1674-g2b13139 (webtiles) character file.

1467 abixa the Grappler (level 8, -6/51 HPs)
             Began as a Gargoyle Fighter on Aug 18, 2015.
             Killed from afar by an oklob plant (8 damage)
             ... with a splash of acid
             ... on level 6 of the Dungeon.
             The game lasted 00:28:04 (6356 turns).

abixa the Grappler (Gargoyle Fighter)               Turns: 6356, Time: 00:28:05

Health: -6/51      AC: 13    Str: 20    XL:     8   Next: 77%
Magic:  13/17      EV:  7    Int: 11    God:
Gold:   354        SH:  9    Dex:  9    Spells: 0 memorised, 7 levels left

rFire  . . .     SeeInvis .       - Unarmed
rCold  . . .     Clarity  .     w - +0 scale mail
rNeg   + + .     SustAt   .     b - +0 shield
rPois  ∞         Gourm    .     P - +0 helmet
rElec  +         Spirit   .     q - +0 cloak
rCorr  .         Warding  .     Y - +0 pair of gloves
rMut   .         Stasis   .     H - +0 pair of boots
MR     .....                    (no amulet)
Stlth  ..........               n - ring of positive energy
                                M - ring of magical power

@: corroded equipment, not resistant to hostile enchantments, extremely
unstealthy
A: negative energy resistance 1, electricity resistance, unbreathing,
petrification resistance, rot immunity, AC +5
a: no special abilities


You were on level 6 of the Dungeon.
You were not hungry.

You visited 1 branch of the dungeon, and saw 6 of its levels.
You also visited: Sewer.

You collected 354 gold pieces.

Inventory:

Hand weapons
 u - a +0 halberd
 K - a +0 hunting sling
 X - the +9 mace "Kuthro" {crush, +Rage +Inv rC-, unknown}
   (You found it on level 6 of the Dungeon)

   It inflicts extra damage upon your enemies.
   It makes you vulnerable to cold.
   It lets you turn invisible.
   It lets you go berserk.
Missiles
 a - 72 arrows
 g - 30 poisoned needles
 i - 201 stones (quivered)
 x - 63 bolts
 A - 4 tomahawks
 N - 16 sling bullets
Armour
 b - a +0 shield (worn)
 l - a +0 plate armour
 q - a +0 cloak (worn)
 w - a +0 scale mail (worn)
 H - a +0 pair of boots (worn)
 P - a +0 helmet (worn)
 Y - a +0 pair of gloves (worn)
Jewellery
 n - a ring of positive energy (right hand)
 M - a ring of magical power (left hand)
 Q - an uncursed ring of sustain attributes
Magical devices
 O - a wand of digging (5)
 U - a wand of teleportation (2)
Scrolls
 e - 4 scrolls of remove curse
 h - 3 scrolls of teleportation
 o - a scroll of immolation {unknown}
 r - a scroll of random uselessness {unknown}
 s - 4 scrolls of recharging
 t - a scroll of blinking {unknown}
 y - a scroll of noise {unknown}
 B - a scroll of enchant weapon {unknown}
 F - 3 scrolls of magic mapping
 V - 3 scrolls of fog
 W - 2 scrolls of fear {unknown}
Potions
 c - a potion of might
 f - 3 potions of brilliance {unknown}
 m - 3 potions of degeneration {unknown}
 p - 3 potions of agility {unknown}
 v - 2 potions of flight {unknown}
 D - a potion of resistance {unknown}
 E - a potion of poison {unknown}
 I - a potion of mutation {unknown}
 J - 2 potions of heal wounds {unknown}
 L - 3 potions of curing {unknown}
 R - 4 potions of magic
 S - a potion of beneficial mutation {unknown}
 T - 3 potions of haste {unknown}
Books
 G - a book of Conjurations

   Spells                             Type                      Level
   a - Magic Dart                     Conjuration                  1
   b - Searing Ray                    Conjuration                  2
   c - Dazzling Spray                 Conjuration/Hexes            3
   d - Fulminant Prism                Conjuration/Hexes            4
   e - Iskenderun's Mystic Blast      Conjuration                  4
   f - Iskenderun's Battlesphere      Conjuration/Charms           5
Comestibles
 d - 3 bread rations
 z - 2 fruits
 C - a meat ration
 Z - a beef jerky


   Skills:
 + Level 5.9 Fighting
 + Level 5.7 Armour
 - Level 3.2 Shields
 * Level 8.8 Unarmed Combat


You had 7 spell levels left.
You didn't know any spells.

Dungeon Overview and Level Annotations

Branches:
Dungeon (6/15)
 Temple: D:4-7

Altars:
Elyvilon
Gozag
Makhleb
Qazlal
Zin
The Shining One

Shops:
D:4 [

Annotations:
D:6 exclusion: oklob plant


Innate Abilities, Weirdness & Mutations

You are resistant to torment.
Your stone body is resilient (AC +5).
You are immune to poison.
You resist negative energy.
You are resistant to electric shocks.
You can survive without breathing.
You are immune to petrification.
You are immune to rotting.


Message History

You hit the oklob plant but do no damage.
The oklob plant is lightly damaged.
The oklob plant spits acid at you. You block the splash of acid.
The acid corrodes you!
You hit the oklob plant but do no damage.
The oklob plant is lightly damaged.
You punch the oklob plant!
The oklob plant is moderately damaged.
You hit the oklob plant.
The oklob plant is moderately damaged.
The oklob plant spits acid at you. The splash of acid hits you!
The acid burns!
The oklob plant spits acid at you. The splash of acid hits you!
* * * LOW HITPOINT WARNING * * *
The acid burns!
* * * LOW HITPOINT WARNING * * *
The oklob plant spits acid at you. The splash of acid hits you!
You die...

## ####.# ### ..# #.#
#.####.## # ..#
#.####.#..#?# ###.## ..#
#.......P##.## ......# ..#
##.#####P_P.@.###.#.....
..## #...##
##P..#..##......
...###....########........#
...........##.# ##......#
.. .....##.......# ##....##
##..
....#####.....#####.=...#
#.. ..#.# ##.###..#...#..##
#.# ..#.# #..#
##...###...####.# ..$.#
#.## ##..#####...##..#


You could see an oklob plant.

Vanquished Creatures
  Grinder (D:5)
  Eustachio (D:5)
  Menkaure (D:5)
  Duvessa (D:5)
  An ogre (D:3)
  2 giant frogs (Sewer)
  Dowan (D:5)
  A crimson imp (D:5)
  2 orc priests (D:3)
  3 orc wizards
  A worker ant (D:5)
  A hound skeleton (D:5)
  Robin (D:4)
  14 adders
  7 gnolls
  6 river rats
  An ooze (D:5)
  An adder skeleton (D:5)
  3 worms (D:5)
  5 giant geckos
  10 orcs
  22 ball pythons
  5 giant cockroaches
  16 goblins
  11 hobgoblins
  6 quokkas
  6 bats
  7 giant newts
  4 jackals (D:2)
  A jackal zombie (D:5)
  3 kobolds
  30 rats
175 creatures vanquished.

Notes
Turn   | Place    | Note
--------------------------------------------------------------
     0 | D:1      | abixa the Gargoyle Fighter began the quest for the Orb.
     0 | D:1      | Reached XP level 1. HP: 14/14 MP: 1/1
   364 | D:1      | Reached XP level 2. HP: 19/19 MP: 2/2
   736 | D:2      | Reached XP level 3. HP: 18/23 MP: 3/3
   953 | D:2      | Reached skill level 4 in Unarmed Combat
   958 | D:2      | Reached XP level 4. HP: 21/28 MP: 4/4
  1600 | D:3      | Reached skill level 5 in Unarmed Combat
  1600 | D:3      | Reached XP level 5. HP: 8/32 MP: 5/5
  2504 | D:3      | Noticed an ogre
  2579 | D:3      | Reached skill level 6 in Unarmed Combat
  2809 | D:3      | Killed an ogre
  2809 | D:3      | Reached XP level 6. HP: 27/37 MP: 6/6
  3641 | D:4      | Noticed Robin
  3651 | D:4      | Killed Robin
  3670 | D:4      | Found an opulent altar of Gozag.
  3705 | D:4      | Found Ypikelea's Armour Boutique.
  3832 | D:5      | Entered Level 5 of the Dungeon
  3896 | D:5      | Reached XP level 7. HP: 31/43 MP: 7/7
  3925 | D:5      | You fall through a shaft!
  3938 | D:6      | Found a glowing silver altar of Zin.
  3939 | D:6      | Found a burning altar of Makhleb.
  4063 | D:5      | Noticed Eustachio
  4116 | D:5      | Killed Eustachio
  4116 | D:5      | Reached skill level 7 in Unarmed Combat
  4129 | D:5      | Noticed Grinder
  4278 | D:5      | Found a glowing drain.
  4282 | Sewer    | Entered a sewer
  4940 | Sewer    | Reached skill level 5 in Fighting
  4940 | Sewer    | Reached XP level 8. HP: 5/49 MP: 8/8
  5314 | D:5      | Paralysed by Grinder for 6 turns
  5331 | D:5      | Paralysed by Grinder for 5 turns
  5340 | D:5      | Killed Grinder
  5340 | D:5      | Reached skill level 5 in Armour
  5340 | D:5      | Reached skill level 8 in Unarmed Combat
  5496 | D:5      | Found a white marble altar of Elyvilon.
  5546 | D:5      | Noticed Menkaure
  5564 | D:5      | Killed Menkaure
  5726 | D:5      | Found a glowing golden altar of the Shining One.
  5747 | D:5      | Noticed Duvessa
  5748 | D:5      | Noticed Dowan
  5828 | D:5      | Killed Duvessa
  6080 | D:5      | Killed Dowan
  6272 | D:6      | Got a fine mace
  6325 | D:6      | Found a stormy altar of Qazlal.
  6326 | D:6      | Noticed an oklob plant
  6355 | D:6      | HP: 2/51 [acid (13)]
  6356 | D:6      | Killed from afar by an oklob plant

Vault maps used:
D:1:      eino_arrival_cavern_b, grunt_decor_cap, minivault_4
D:2:      wad_crossroads
D:4:      nicolae_gozag_seed_capital, first_bread, serial_shops,
          nicolae_shop_stone, uniq_robin
D:5:      old_standard_altar, gup_sewer_entry_spiral, minivault_24,
          minmay_misc_feat_chi, nicolae_tso_carved_into_rock, uniq_grinder,
          uniq_duvessa, uniq_menkaure, uniq_eustachio
D:6:      nicolae_overflow_hidden_temple, minmay_temple_entry_purple_smoke,
          lemuel_oklob_altar
Sewer:    sewer_minmay_w

Action                   |  1- 3 |  4- 6 |  7- 9 || total
-------------------------+-------+-------+-------++-------
Melee: Unarmed           |   158 |   386 |   328 ||   872
Evoke: Wand              |       |     4 |    16 ||    20
  Use: Scroll            |       |       |     7 ||     7
  Eat: Chunk             |       |    10 |     8 ||    18
       Fruit             |       |       |     1 ||     1
